Selects Luftwaffe Battlegroup
Selects Luftwaffe Pioneer Support
Fallschirmpioneer Squad Paradrop
Construct Infanterie Kompanie
Construct Luftwaffe Kompanie
Selects Reconnaissance Run
Selects Fallschirmjäger Squad Paradrop
Fallschirmjäger Squad Paradrop
Fallschirmjäger Squad Paradrop
Marder III M Tank Destroyer
Selects LG40 Recoilless Gun Paradrop
Selects Infantry Reserves
LG40 Recoilless Gun Paradrop
Marder III M Tank Destroyer
Fallschirmjäger Squad Paradrop
Marder III M Tank Destroyer
Marder III M Tank Destroyer
Marder III M Tank Destroyer